 Dungeon Crawl Stone Soup version 0.28.0-1-gb440e238dd (webtiles) character file.

Game seed: 17758964809095304117

178 jjjjhere the Chopper (level 5, -1/47 HPs)
             Began as a Hill Orc Cinder Acolyte on Feb 21, 2022.
             Was a High Priest of Ignis.
             Killed by nerve-wracking pain
             ... invoked by an orc priest
              (9 damage)
             ... on level 4 of the Dungeon.
             The game lasted 00:03:14 (2884 turns).

jjjjhere the Chopper (Hill Orc Cinder Acolyte)      Turns: 2884, Time: 00:03:14

Health: -1/47      AC: 12    Str: 17    XL:     5   Next: 58%
Magic:  6/6        EV: 10    Int: 14    God:    Ignis [*****.]
Gold:   110        SH:  0    Dex:  8    Spells: 6/6 levels left

rFire   + . .      SeeInvis .   a - -1 hand axe (flame)
rCold   . . .      Faith    .   (no shield)
rNeg    . . .      Spirit   .   e - +0 ring mail
rPois   .          Reflect  .   (no helmet)
rElec   .          Harm     .   (no cloak)
rCorr   .          Rampage  .   (no gloves)
Will    .....                   (no boots)
Stlth   ..........              (no amulet)
HPRegen 0.15/turn               d - ring of wizardry
MPRegen 0.10/turn               (no ring)

@: fiery-armoured
A: no striking features
a: Renounce Religion, Convert to Beogh, Fiery Armour, Foxfire Swarm, Rising
Flame


You were on level 4 of the Dungeon.
You worshipped Ignis.
Ignis was extremely pleased with you.
You visited 1 branch of the dungeon, and saw 4 of its levels.

You collected 110 gold pieces.

Inventory:

Hand Weapons
 a - a -1 hand axe of flaming (weapon)
 n - a +0 club
Missiles
 c - 5 poisoned darts (quivered)
Armour
 b - a +0 robe
 e - a +0 ring mail (worn)
Jewellery
 d - a ring of wizardry (left hand)
Scrolls
 g - 3 scrolls of vulnerability {unknown}
 i - 2 scrolls of identify {unknown}
 k - a scroll of enchant weapon {unknown}
 m - a scroll of noise {unknown}
Potions
 f - 3 potions of curing {unknown}
 h - a potion of brilliance {unknown}
 j - a potion of flight {unknown}
 l - a potion of lignification {unknown}


   Skills:
 + Level 4.3 Fighting
 * Level 7.6 Axes
 - Level 1.0 Spellcasting
 - Level 3.2 Fire Magic


You had 6 spell levels left.
You didn't know any spells.
Your spell library contained the following spells:

 Spells                   Type           Power      Damage    Failure   Level
 Scorch                   Fire           18%        2d6       8%          2
 Conjure Flame            Conj/Fire      5%         6-21      28%         3
 Ignite Poison            Fire/Tmut/Pois 3%         N/A       34%         3
 Sticky Flame             Conj/Fire      5%         2d3       65%         4


Dungeon Overview and Level Annotations

Branches:
Dungeon (4/15)
 Temple: D:4-7

Altars:


Message History

The magic dart hits you.
* * * LOW HITPOINT WARNING * * *
The orc priest looks encouraged for a moment.
The orc priest looks encouraged for a moment.
You enter the shallow water.
Moving in this stuff is going to be slow.
The orc priest hits you but does no damage.
You hit the orc priest. You burn the orc priest.
The orc priest is lightly wounded.
The orc priest barely misses you.
You hit the orc priest but do no damage.
The orc priest is lightly wounded.
The orc priest threatens, "By the altar or by the axe, you will meet Beogh!"
The orc priest closely misses you.
You hit the orc priest. You burn the orc priest.
The orc priest shouts, "Join the one true god or die!"
The orc priest is almost dead.
The orc priest hits you with a +0 dagger.
You barely miss the orc priest.
The orc priest shouts, "Join the one true god or die!"
Your punch misses the orc priest.
The orc priest is almost dead.
The orc priest threatens, "By the altar or by the axe, you will meet Beogh!"
You hit something but do no damage. Something hits you.
* * * LOW HITPOINT WARNING * * *
You writhe in agony.
* * * LOW HITPOINT WARNING * * *
The orc priest barely misses you.
The orc priest shouts, "Beogh is our master!
Accept the truth or die!"
You hit the orc priest but do no damage.
The orc priest is almost dead.
You miss something. Something hits you.
* * * LOW HITPOINT WARNING * * *
You writhe in agony.
* * * LOW HITPOINT WARNING * * *
The orc priest shouts, "Join the one true god or die!"
A protective cloak of flame settles atop you.
The orc priest calls down the wrath of Beogh upon you.
Pain shoots through your body!
You die...

#..................
#.#####..##..#†##..
#....##..##....)..#
#.##.##..#......#.#
##########........#.#....#.#
#..o.....#.{...............#
#.######{#.##.......###.####
#.# #.#o####.###.# #..
######{# ##.#.@{...# ...##..
o(oo..o# #.≈≈≈≈≈≈≈≈# ..##.
######## #≈≈≈≈≈≈≈≈≈≈≈≈≈≈≈.#
#≈≈≈≈≈≈≈≈≈≈≈≈≈≈≈≈≈≈
≈≈≈≈≈≈≈≈≈≈≈≈≈≈≈≈≈≈≈≈≈
≈≈≈≈≈≈≈≈≈####≈≈≈≈≈≈≈≈
≈≈≈≈≈≈.### .....≈≈≈≈ ≈≈≈≈##.
........≈ ≈## #. ..


You could see an orc priest.

Vanquished Creatures
  An orc priest (D:4)
  Jessica (D:2)
  An orc wizard (D:3)
  4 adders (D:3)
  2 dart slugs (D:2)
  6 orcs
  4 ball pythons
  4 endoplasms (D:1)
  6 goblins
  4 hobgoblins
  6 quokkas
  4 bats (D:3)
  4 frilled lizards
  2 kobolds
  5 rats
54 creatures vanquished.

Vanquished Creatures (others)
  A foxfire (D:4)
  A plant (D:2)
2 creatures vanquished.

Grand Total: 56 creatures vanquished

Notes
Turn   | Place    | Note
-------+----------+-------------------------------------------
     0 | D:1      | jjjjhere the Hill Orc Cinder Acolyte began the quest for
                  | the Orb.
     0 | D:1      | Reached XP level 1. HP: 19/19 MP: 2/2
   320 | D:1      | Reached XP level 2. HP: 22/26 MP: 3/3
   532 | D:1      | Reached skill level 5 in Axes
   988 | D:2      | Reached XP level 3. HP: 27/31 MP: 4/4
   991 | D:2      | Noticed Jessica
   994 | D:2      | Killed Jessica
   995 | D:2      | Reached skill level 6 in Axes
  1475 | D:2      | Found a faded altar of an unknown god.
  1526 | D:2      | Reached XP level 4. HP: 35/39 MP: 5/5
  1999 | D:3      | Reached skill level 7 in Axes
  2001 | D:3      | Reached XP level 5. HP: 38/46 MP: 6/6
  2857 | D:4      | HP: 14/47 [something/magic dart (6)]
  2881 | D:4      | HP: 15/47 [orc priest (3)]
  2884 | D:4      | Killed from afar by an orc priest

Illustrated notes

Levels and vault maps discovered:
D:1:      amcnicky_arrival_gap_in_the_tavern_cellar, layout_rooms
D:2:      layout_basic, shapermc_ecumenical_altar_acropolis, uniq_jessica
D:3:      layout_rooms, amcnicky_mini_pool_small
D:4:      wander_river, layout_loops_cross, minmay_temple_entry_ruins

Skill      XL: |  1  2  3  4 |
---------------+-------------+-----
Axes           | 5 6 7 |  7.6
Fighting       | 4 |  4.3
Spellcasting   | |  1.0
Fire Magic     | |  3.2

Action                   |  1- 3 |  4- 6 || total
-------------------------+-------+-------++-------
Melee: Hand axe          |    58 |   102 ||   160
Throw: Dart              |     3 |     8 ||    11
Invok: Foxfire Swarm     |       |     1 ||     1
       Fiery Armour      |       |     1 ||     1
Armor: Robe              |     2 |       ||     2
       Ring mail         |    13 |    38 ||    51
Dodge: Dodged            |    29 |    46 ||    75
